 Dungeon Crawl Stone Soup version 0.20-a0-672-gd6c3c51 (webtiles) character file.

85 MistressOfTheDunes the Insei (level 4, -1/35 HPs)
             Began as a Mummy Monk on Feb 17, 2017.
             Slain by a gnoll (9 damage)
             ... on level 2 of the Dungeon.
             The game lasted 00:02:46 (2576 turns).

MistressOfTheDunes the Insei (Mummy Monk)           Turns: 2576, Time: 00:02:47

Health: -1/35      AC:  0    Str: 14    XL:     4   Next: 25%
Magic:  4/4        EV: 13    Int:  9    God:
Gold:   58         SH:  0    Dex: 15    Spells: 3/3 levels left

rFire    x . .     SeeInvis .     - Unarmed
rCold    + . .     Gourm    .   (no armour)
rNeg     + + +     Faith    .   (no shield)
rPois    ∞         Spirit   .   (no helmet)
rElec    .         Reflect  .   (no cloak)
rCorr    .         Harm     .   (no gloves)
MR       .....                  (no boots)
Stlth    ++........             (no amulet)
Regen    0.2/turn               (no ring)
MPRegen  0.1/turn               (no ring)

@: no status effects
A: no food or potions, fire vulnerability, cold resistance 1, negative energy
resistance 3, torment resistance, unbreathing
a: no special abilities


You were on level 2 of the Dungeon.
You were not hungry.

You visited 1 branch of the dungeon, and saw 2 of its levels.

You collected 58 gold pieces.


Innate Abilities, Weirdness & Mutations

You do not eat or drink.
Your flesh is vulnerable to fire.
You are immune to poison.
Your flesh is cold resistant. (rC+)
You are immune to negative energy. (rN+++)
You are immune to unholy pain and torment.
You can survive without breathing.


   Skills:
 - Level 3.0 Fighting
 - Level 2.4 Dodging
 - Level 1.5 Stealth
 + Level 4.2 Unarmed Combat


You had 3 spell levels left.
You didn't know any spells.

Inventory:

Hand Weapons
 g - a +0 club
Scrolls
 a - a scroll of remove curse {unknown}
 b - 3 scrolls of identify {unknown}
 c - a scroll of amnesia {unknown}
 d - 2 scrolls of enchant weapon {unknown}
 e - a scroll of fog {unknown}
 f - a scroll of fear {unknown}

Dungeon Overview and Level Annotations

Branches:
Dungeon (2/15)

Altars:

.▒...............▒...▒▒▒.▒.....▒▒
..................▒▒..▒▒.........
..................▒▒▒.▒▒▒.▒▒▒▒▒▒▒
▒.................▒▒▒.....▒
....................▒▒▒▒..▒
..▒...........)...▒...▒▒.▒▒
..................▒▒▒....▒▒
.▒▒.............>▒▒▒▒.!▒..▒
▒.......▒.....Mg......▒.▒▒▒
▒...▒.▒....%......▒▒
▒▒▒.▒...........)..▒ ..
▒▒.........▒▒▒▒!▒▒▒ ▒..
▒▒..▒▒......▒▒▒..▒
▒..▒▒...........▒...▒▒
▒.....▒▒....▒....▒▒▒
▒▒▒.........▒....▒▒▒
.........▒▒..).▒▒▒▒▒


You could see a gnoll.


Message History

No target in view!!!
No target in view!!!
No target in view!!!
Things that are here:
a club; a goblin corpse A gnoll is nearby!!!
A gnoll is nearby!!!
The gnoll shouts!!!
You barely miss the gnoll! The gnoll hits you!
You squash the gnoll like an ant!
The gnoll is moderately wounded!
The gnoll hits you!!!
You squash the gnoll but do no damage!
The gnoll is moderately wounded!
The gnoll completely misses you!
You pulverise the gnoll!
The gnoll is severely wounded!
The gnoll hits you!!! * * * don't die
* * * You barely miss the gnoll!
The gnoll is severely wounded!
The gnoll hits you! * * * don't die
* * * You closely miss the gnoll!
The gnoll is severely wounded!
The gnoll closely misses you!
You squash the gnoll like an ant!
The gnoll is severely wounded!
The gnoll hits you!!! rip

Action                   |  1- 3 |  4- 6 || total
-------------------------+-------+-------++-------
Melee: Unarmed           |   131 |    25 ||   156
       Punch             |     1 |       ||     1
 Stab: Sleeping          |     2 |       ||     2
       Distracted        |       |     1 ||     1
Dodge: Dodged            |    82 |     9 ||    91

Vault maps used:
D:1:      dpeg_arrival_brainrot, st_stairs_9
D:2:      serial_curves, eino_curves_03, eino_curves_01, first_bread,
          minmay_misc_feat_chi, uniq_terence, uniq_iyjb

Notes
Turn   | Place    | Note
-------+----------+-------------------------------------------
     0 | D:1      | MistressOfTheDunes the Mummy Monk began the quest for the Orb.
     0 | D:1      | Reached XP level 1. HP: 18/18 MP: 1/1
   355 | D:1      | Reached XP level 2. HP: 8/24 MP: 2/2
   570 | D:1      | Reached skill level 3 in Unarmed Combat
  1725 | D:2      | Reached XP level 3. HP: 16/29 MP: 3/3
  2060 | D:2      | Noticed Ijyb
  2090 | D:2      | Killed Ijyb
  2090 | D:2      | Reached skill level 4 in Unarmed Combat
  2090 | D:2      | Reached XP level 4. HP: 15/35 MP: 4/4
  2576 | D:2      | Slain by a gnoll

Vanquished Creatures
  Ijyb (D:2)
  An adder (D:2)
  A gnoll (D:1)
  A worm (D:1)
  2 dart slugs
  A giant cockroach (D:2)
  7 goblins
  A hobgoblin (D:2)
  2 jackals (D:1)
  6 kobolds
  5 bats
  A frilled lizard (D:2)
  5 rats
34 creatures vanquished.
